 Dungeon Crawl Stone Soup version 0.25-a0-972-g74ed164fb1 (webtiles) character file.

Game seed: 2594781223913520414, levelgen mode: deterministic

612 P0NYSLAYSTATION the Slasher (level 7, -3/62 HPs)
             Began as a Minotaur Monk on May 9, 2020.
             Shot with an arrow by a centaur (11 damage)
             ... on level 5 of the Dungeon.
             The game lasted 00:21:39 (3541 turns).

P0NYSLAYSTATION the Slasher (Minotaur Monk)         Turns: 3541, Time: 00:21:40

Health: -3/62      AC:  3    Str: 18    XL:     7   Next: 20%
Magic:  6/6        EV: 14    Int:  7    God:
Gold:   222        SH:  0    Dex: 12    Spells: 6/6 levels left

rFire    . . .     SeeInvis .   s - +1 spear (venom)
rCold    . . .     Gourm    .   (no shield)
rNeg     . . .     Faith    .   n - +0 leather armour
rPois    .         Spirit   .   (helmet restricted)
rElec    .         Reflect  .   (no cloak)
rCorr    .         Harm     .   (no gloves)
MR       .....                  (no boots)
Stlth    ++........             (no amulet)
HPRegen  0.20/turn              (no ring)
MPRegen  0.10/turn              (no ring)

@: lethally poisoned (-3 -> -5)
A: retaliatory headbutt, horns 2
a: no special abilities


You were on level 5 of the Dungeon.
You were not hungry.

You visited 1 branch of the dungeon, and saw 5 of its levels.
You also visited: Ossuary.

You collected 222 gold pieces.

Inventory:

Hand Weapons
 a - a +0 falchion
 s - a +1 spear of venom (weapon)
Armour
 b - a +0 robe
 n - a +0 leather armour (worn)
Jewellery
 d - an uncursed amulet of faith
 h - a +3 ring of evasion {unknown}
Scrolls
 e - 3 scrolls of teleportation {unknown}
 f - a scroll of identify {unknown}
 g - a scroll of remove curse
 m - a scroll of blinking {unknown}
 o - a scroll of enchant armour {unknown}
Potions
 i - a potion of invisibility {unknown}
 j - a potion of haste {unknown}
 k - a potion of stabbing {unknown}
 l - a potion of lignification {unknown}
 p - a potion of curing
 q - a potion of degeneration {unknown}
 r - a potion of cancellation {unknown}
Comestibles
 c - 6 rations


   Skills:
 + Level 5.9 Fighting
 + Level 7.1 Long Blades
 + Level 0.1 Polearms
 + Level 1.0 Armour
 + Level 5.0 Dodging
 + Level 2.6 Stealth


You had 6 spell levels left.
You didn't know any spells.
Your spell library was empty.

Dungeon Overview and Level Annotations

Branches:
Dungeon (5/15)            Ossuary (visited)
 Temple: D:4-7

Altars:


Innate Abilities, Weirdness & Mutations

You reflexively headbutt those who attack you in melee.
You have a pair of horns on your head.


Message History

A centaur comes into view.
The centaur shouts!
The centaur wields a +0 shortbow.
The centaur shoots an arrow.
The arrow hits you!
Things that are here:
an arrow; a scorpion corpse You feel sick.
You feel sick.
The centaur shoots an arrow.
The arrow hits you!
You feel sick.
The centaur shoots an arrow.
The arrow hits you!
You feel sick.
The centaur shoots an arrow.
The arrow hits you!
* * * LOW HITPOINT WARNING * * *
You see here an arrow.
You feel sick.
The centaur shoots an arrow.
The arrow hits you.
* * * LOW HITPOINT WARNING * * *
The centaur shoots an arrow.
The arrow hits you.
* * * LOW HITPOINT WARNING * * *
You see here 2 arrows.
You feel sick.
The centaur shoots an arrow.
The arrow hits you!
You die...

#.....##.#
#.....##.# #######
#........# #.....#
#......######.###.#
#..........##.# #.#
#.....####.##.# #.#
#.............# #.#
#..c.(.###.#### #.#
####(#.((@.# #.#
#.####### #.# .c.
#######.# .(...
#.....[.# ....c..
#.####### .........
#.# ...........#.#
............#.# #.#


You could see a centaur.

Vanquished Creatures
  3 elf zombies (Ossuary)
  A scorpion (D:5)
  2 centaur zombies (Ossuary)
  An orc priest (D:4)
  A human zombie (Ossuary)
  An orc wizard (D:4)
  A worker ant (D:4)
  A big kobold zombie (Ossuary)
  A hound zombie (Ossuary)
  3 mummies (Ossuary)
  Robin (D:4)
  An ooze (D:2)
  5 adder zombies (Ossuary)
  4 leopard geckos
  5 orcs
  3 giant cockroaches
  15 goblins
  7 hobgoblins
  3 jackals (D:3)
  5 kobolds
  A quokka (D:3)
  4 bats
  3 frilled lizards
  A gnoll zombie (Ossuary)
  2 goblin zombies (Ossuary)
  A hobgoblin zombie (Ossuary)
  5 jackal zombies (Ossuary)
  A kobold zombie (Ossuary)
  An orc zombie (Ossuary)
  7 quokka zombies (Ossuary)
  8 rats
  3 rat zombies (Ossuary)
101 creatures vanquished.

Notes
Turn   | Place    | Note
-------+----------+-------------------------------------------
     0 | D:1      | P0NYSLAYSTATION the Minotaur Monk began the quest for the
                  | Orb.
     0 | D:1      | Reached XP level 1. HP: 19/19 MP: 0/0
   168 | D:1      | Reached XP level 2. HP: 25/27 MP: 1/1
   279 | D:2      | Reached skill level 4 in Long Blades
   361 | D:3      | Reached XP level 3. HP: 23/33 MP: 2/2
   380 | D:4      | Noticed Robin
   727 | D:4      | HP: 1/34 [Robin/+1 spear of venom (3)]
   895 | D:4      | Found a sand-covered staircase.
   901 | Ossuary  | Entered an ossuary
  1275 | Ossuary  | Reached XP level 4. HP: 15/41 MP: 3/3
  1502 | Ossuary  | Reached skill level 5 in Long Blades
  1502 | Ossuary  | Reached XP level 5. HP: 44/47 MP: 4/4
  1533 | Ossuary  | Reached skill level 5 in Fighting
  1863 | Ossuary  | Reached XP level 6. HP: 40/56 MP: 5/5
  1971 | Ossuary  | Reached skill level 6 in Long Blades
  2727 | D:4      | Reached skill level 5 in Dodging
  2764 | D:4      | Reached XP level 7. HP: 56/62 MP: 6/6
  3090 | D:4      | Killed Robin
  3113 | D:4      | Reached skill level 7 in Long Blades
  3428 | D:5      | Entered Level 5 of the Dungeon
  3532 | D:5      | Reached skill level 1 in Armour
  3541 | D:5      | Shot with an arrow by a centaur

Illustrated notes

Levels and vault maps discovered:
D:1:      dpeg_arrival_erosion, layout_basic
D:2:      layout_rooms, serial_bayou_pond_b
D:3:      layout_basic
D:4:      layout_basic, first_ration, nicolae_ossuary_entry_plus, uniq_robin
D:5:      layout_basic, uniq_eustachio, uniq_blork_the_orc, uniq_prince_ribbit1

Skill      XL: |  1  2  3  4  5  6  7 |
---------------+----------------------+-----
Fighting       | 4 5 |  5.9
Long Blades    | 4 5 6 7 |  7.1
Dodging        | 4 5 |  5.0
Stealth        | 2 |  2.6
Armour         | 1 |  1.0
Polearms       | |  0.1

Action                   |  1- 3 |  4- 6 |  7- 9 || total
-------------------------+-------+-------+-------++-------
Melee: Falchion          |    99 |   171 |    20 ||   290
       Headbutt          |    13 |    43 |     4 ||    60
       Spear             |       |       |     8 ||     8
  Use: Potion            |     3 |       |       ||     3
       Scroll            |     2 |       |       ||     2
 Stab: Sleeping          |     1 |     5 |     2 ||     8
  Eat: Chunk             |     1 |       |       ||     1
       Ration            |       |     2 |     1 ||     3
Armor: Robe              |    20 |     9 |       ||    29
       Leather armour    |       |     3 |     4 ||     7
Dodge: Dodged            |    90 |    69 |    14 ||   173
       Rpst.: Falchion   |    24 |    20 |       ||    44

Table legend:
 A = Non-vault XP
 B = Vault XP
 C = Vault XP percentage of total XP
 D = Non-vault monster count
 E = Vault monster count
 F = Vault count percentage of total count
                 A         B        C        D         E       F
            +---------+---------+-------+---------+---------+-------
      Total |     264 |     611 |  69.8 |      46 |      55 |  54.5
            +---------+---------+-------+---------+---------+-------
        D:1 |      18 |       0 |   0.0 |      12 |       0 |   0.0
        D:2 |      13 |       8 |  38.1 |       5 |       5 |  50.0
        D:3 |      44 |      14 |  24.1 |      23 |       7 |  23.3
        D:4 |     116 |      25 |  17.7 |       4 |       6 |  60.0
        D:5 |      73 |       0 |   0.0 |       2 |       0 |   0.0
    Ossuary |       0 |     564 | 100.0 |       0 |      37 | 100.0
            +---------+---------+-------+---------+---------+-------
